 Dungeon Crawl Stone Soup version 0.30-b1-2-g02819fbbbe (webtiles) character file.

Game seed: 4999823605805609026

100 Shirokaze the Covered (level 4, 0/40 HPs)
             Began as an Armataur Fighter on June 3, 2023.
             Killed from afar by an orc wizard (4 damage)
             ... with a magic dart
             ... on level 3 of the Dungeon.
             The game lasted 00:08:42 (1663 turns).

Shirokaze the Covered (Armataur Fighter)            Turns: 1663, Time: 00:08:42

Health: 0/40       AC: 12    Str: 23    XL:     4   Next: 46%
Magic:  4/4        EV:  7    Int:  8    God:
Gold:   74         SH:  0    Dex: 10    Spells: 2/3 levels left

rFire   + . .        a - +0 war axe
rCold   + . .        c - +0 buckler
rNeg    . . .        b - +0 scale mail
rPois   +            (no helmet)
rElec   +            k - +0 cloak
rCorr   +            (no gloves)
SInv    .            (no barding)
Will    .....        (no amulet) Stlth
                     j - +4 ring of protection
HPRegen 0.26/turn    l - ring of wizardry
MPRegen 0.09/turn

%: roll, wizardry (x1)
@: confused, mighty, resistant
A: large, rugged brown scales 3, deformed body, armoured tail, roll, long
tongue, awkward tongue
a: no special abilities


You were on level 3 of the Dungeon.
You visited 1 branch of the dungeon, and saw 3 of its levels.

You collected 74 gold pieces.

Inventory:

Hand Weapons
 a - a +0 war axe (weapon)
Armour
 b - a +0 scale mail (worn)
 c - a +0 buckler (worn)
 k - a +0 cloak (worn)
Jewellery
 j - a +4 ring of protection (left hand)
 l - a ring of wizardry (right hand)
Scrolls
 e - a scroll of teleportation
 f - 3 scrolls of fear
Potions
 h - 3 potions of brilliance


   Skills:
 + Level 3.1 Fighting
 + Level 2.6 Axes
 + Level 4.6 Armour
 + Level 0.2 Dodging
 + Level 3.7 Shields


You had 2 spell levels left.
You knew the following spells:

 Your Spells              Type           Power      Damage    Failure   Level
a - Freeze                Ice            0%         1d3       43%         1

Your spell library contained the following spells:

 Spells                   Type           Power      Damage    Failure   Level
 Frozen Ramparts          Ice            0%         1d1       80%         3
 Hailstorm                Conj/Ice       0%         3d3       80%         3


Dungeon Overview and Level Annotations

Branches:
Dungeon (3/15)

Altars:


Innate Abilities, Weirdness & Mutations

You are completely covered in rugged brown scales. (AC +3, +7% HP)
Armour fits poorly on your strangely shaped body.
You have a long armoured tail.
You roll when moving toward enemies. (Rampage)
Your long tongue fully drains potion bottles. (2x potion effects)
Your tongue gives you trouble enunciating. (1.5x scroll delay)


Message History

The orc wizard is moderately wounded.
You miss the orc. You closely miss something.
The orc hits you with a +0 short sword.
* * * LOW HITPOINT WARNING * * *
The orc wizard hits you but does no damage.
Something hits you but does no damage.
You bump into the rock wall.
The orc barely misses you. Something hits you but does no damage.
The orc wizard hits you but does no damage.
You bump into the rock wall.
The orc misses you.
The orc wizard hits you but does no damage.
You hear some strange, mumbled words.
A magic dart appears from out of thin air!
The magic dart hits you.
* * * LOW HITPOINT WARNING * * *
You closely miss the orc wizard.
Your tail-slap misses the orc wizard.
The orc wizard is moderately wounded.
You miss something. You slash the orc!
You kill the orc!
The orc wizard completely misses you.
You hear some strange, mumbled words.
A puff of flame appears from out of thin air!
The puff of flame misses you. Something hits you but does no damage.
The orc wizard hits you with a +0 dagger.
* * * LOW HITPOINT WARNING * * *
It was a potion of magic.
Magic courses through your body.
You slurp down every last drop of the potion of magic!
The orc wizard closely misses you. Something hits you but does no damage.
It was a potion of resistance.
You feel protected.
You slurp down every last drop of the potion of resistance!
The orc wizard hits you but does no damage.
Something hits you but does no damage.
You miss the orc wizard.
The orc wizard is moderately wounded.
You completely miss something. The orc wizard barely misses you.
You hear some strange, mumbled words.
A magic dart appears from out of thin air!
The magic dart hits you.
You die...

##...... #...... .# #.....
.## #.... # #..## #...#
.###....# #...# ..#...#
#)).# .....# #@o.# #†_†##
###### #{..#
.....###....####...###
..#...#..............######
.###...[....########.#.....
## ##..#....'.............#
.###..###...########......#
..#....#.....# .......
######.......#######.......


You could see an orc wizard.

Vanquished Creatures
  An orc priest (D:3)
  An adder (D:2)
  2 worms
  2 dart slugs (D:1)
  2 orcs (D:3)
  8 bats
  5 endoplasms
  2 giant cockroaches
  5 goblins
  2 hobgoblins
  2 quokkas
  6 ball pythons
  A frilled lizard (D:2)
  5 kobolds
  6 rats
50 creatures vanquished.

Notes
Turn   | Place    | Note
-------+----------+-------------------------------------------
     0 | D:1      | Shirokaze the Armataur Fighter began the quest for the Orb.
     0 | D:1      | Reached XP level 1. HP: 19/19 MP: 1/1
   305 | D:1      | Reached XP level 2. HP: 18/26 MP: 2/2
   464 | D:1      | Reached skill level 4 in Armour
   619 | D:2      | Reached XP level 3. HP: 26/33 MP: 3/3
  1275 | D:3      | Found a faded altar of an unknown god.
  1602 | D:3      | Learned a level 1 spell: Freeze
  1655 | D:3      | Reached XP level 4. HP: 12/40 MP: 4/4
  1663 | D:3      | Killed from afar by an orc wizard

Illustrated notes

Levels and vault maps discovered:
D:1:      spicycebolla_green_bress_n_ham, layout_basic
D:2:      layout_basic, chequers_serial_rivers_micro_b
D:3:      layout_basic, nicolae_ecumenical_snake_handling,
          nicolae_figureground_pulse, uniq_grinder

Skill      XL: |  1  2 |
---------------+-------+-----
Armour         | 4 |  4.6
Fighting       | 3 |  3.1
Axes           | 2 |  2.6
Dodging        | |  0.2
Shields        | |  3.7

Action                     |  1- 3 |  4- 6 || total
---------------------------+-------+-------++-------
  Melee: War axe           |    96 |     5 ||   101
         Tailslap          |     5 |     1 ||     6
    Use: Scroll            |     3 |       ||     3
         Potion            |     1 |     2 ||     3
 Armour: Scale mail        |    83 |    14 ||    97
  Dodge: Dodged            |    47 |     6 ||    53
  Block: Buckler           |    19 |       ||    19
